 Dungeon Crawl Stone Soup version 0.17-a0-2231-gd80ca38 (webtiles) character file.

93 Raultor the Stinger (level 4, -2/27 HPs)
             Began as an Octopode Venom Mage on Oct 29, 2015.
             Slain by Sigmund
             ... wielding a +0 scythe
              (3 damage)
             ... on level 2 of the Dungeon.
             The game lasted 00:09:43 (1884 turns).

Raultor the Stinger (Octopode Venom Mage)           Turns: 1884, Time: 00:09:43

Health: -2/27      AC:  1    Str:  7      XL:     4   Next: 61%
Magic:  8/8        EV: 12    Int: 15 (18) God:
Gold:   134        SH:  0    Dex: 12      Spells: 1 memorised, 7 levels left

rFire  . . .     SeeInvis .     d - +0 dagger
rCold  . . .     Clarity  .     (no shield)
rNeg   . . .     SustAt   .     (helmet restricted)
rPois  .         Gourm    +     f - amulet of the gourmand
rElec  .         Spirit   .     (no ring)
rCorr  .         Warding  .     (no ring)
rMut   .         Stasis   .     (no ring)
MR     .....                    (no ring)
Stlth  +++.......               (no ring)
                                (no ring)
                                (no ring)
                                (no ring)

@: not resistant to hostile enchantments, fairly stealthy
A: almost no armour, amphibious, 8 rings, constrict 8, camouflage 1, gelatinous
body 1
a: no special abilities


You were on level 2 of the Dungeon.
You were not hungry.

You visited 1 branch of the dungeon, and saw 2 of its levels.

You collected 134 gold pieces.

Inventory:

Hand Weapons
 d - a +0 dagger (weapon)
Jewellery
 f - an amulet of the gourmand (around mantle)
 k - an uncursed amulet of faith {unknown}
Wands
 l - a wand of confusion (21)
Scrolls
 c - 2 scrolls of fog {unknown}
 e - a scroll of magic mapping {unknown}
 g - a scroll of remove curse {unknown}
 h - 2 scrolls of identify {unknown}
Books
 a - a Young Poisoner's Handbook

   Spells                             Type                      Level
   a - Sting                          Conjuration/Poison           1
   b - Cure Poison                    Poison                       2
   c - Mephitic Cloud                 Conjuration/Poison/Air       3
   d - Olgreb's Toxic Radiance        Poison                       4
   e - Venom Bolt                     Conjuration/Poison           5
Comestibles
 b - 3 bread rations
 i - a fruit
 j - 2 beef jerkies
 o - a meat ration


   Skills:
 + Level 0.6 Fighting
 + Level 0.2 Short Blades
 - Level 2.0 Dodging
 + Level 2.9 Stealth
 - Level 0.4 Unarmed Combat
 + Level 2.7 Spellcasting
 + Level 1.7 Conjurations
 + Level 5.7 Poison Magic


You had 7 spell levels left.
You knew the following spells:

 Your Spells              Type           Power        Failure   Level  Hunger
a - Sting                 Conj/Pois      ##..         6%          1    #......


Dungeon Overview and Level Annotations

Branches:
Dungeon (2/15)

Altars:

Annotations:
D:2 Sigmund


Innate Abilities, Weirdness & Mutations

You cannot wear most types of armour.
You are amphibious.
You can wear up to eight rings at the same time.
You can use your tentacles to constrict eight enemies at once.
Your skin changes colour to match your surroundings (Stealth).
Your rubbery body absorbs attacks (AC +1).


Message History

You constrict Sigmund, but do no damage.
Sigmund closely misses you.
You release your grip on Sigmund.
Sigmund gestures at you while chanting. The puff of flame hits you!
Sigmund looks more healthy.
Sigmund mumbles some strange words.
Sigmund flickers and vanishes!
Deactivating autopickup; reactivate with Ctrl-A.
A magic dart appears from out of thin air!
The magic dart hits you!
* * * LOW HITPOINT WARNING * * *
Something hits you.
* * * LOW HITPOINT WARNING * * *
Something tries to affect you, but you resist.
Casting: Sting
Confirm with . or Enter, or press ? or * to list all spells.
You can't see any susceptible monsters within range! (Use Z to cast anyway.)
Something hits you.
You die...

.##.#.########.####.## .##.#.#
#.# #.# ......# #.####.##
.##.######## #.......#
.##.####...# ######..#
.##........# #..### ...........#
#....# ####
.#######.#.########....#####≈≈###
.# ##.###.....@........8#.≈≈.##
.#####.#.#.#.#######..##..#.≈≈.#.
.......##.##...........#.##.≈≈..#
####...#####.#####.###.#.##.≈≈.##
# #..#.###........# #.#.##.≈≈.# #
#..##...######..###.#.8#.≈≈.#.
#.. ##### #......#..#)≈≈.#. #..
#.######)##.≈≈.## #.. #.#
#.##.≈≈.#


There were no monsters in sight!

Vanquished Creatures
  Ijyb (D:2)
  2 adders (D:2)
  An ooze (D:2)
  An adder zombie (D:1)
  A giant gecko (D:1)
  A ball python (D:1)
  A bat zombie (D:1)
  2 giant cockroaches
  5 goblins
  5 hobgoblins
  A quokka (D:2)
  7 bats
  5 giant newts
  5 kobolds (D:1)
  4 rats (D:1)
42 creatures vanquished.

Notes
Turn   | Place    | Note
--------------------------------------------------------------
     0 | D:1      | Raultor the Octopode Venom Mage began the quest for the Orb.
     0 | D:1      | Reached XP level 1. HP: 11/11 MP: 3/3
    22 | D:1      | Reached skill level 5 in Poison Magic
   247 | D:1      | Reached XP level 2. HP: 6/17 MP: 1/5
   870 | D:1      | Reached XP level 3. HP: 19/22 MP: 3/6
  1444 | D:2      | Reached skill level 1 in Conjurations
  1758 | D:2      | Noticed Ijyb
  1770 | D:2      | Reached XP level 4. HP: 9/27 MP: 5/7
  1803 | D:2      | Killed Ijyb
  1853 | D:2      | Noticed Sigmund
  1878 | D:2      | HP: 1/27 [something (3)]
  1884 | D:2      | Slain by Sigmund

Vault maps used:
D:1:      saegor_arrival_fortress, glass_columns_a,
          corexii_item_surrounded_by_moat
D:2:      wad_river_or_something, uniq_sigmund, uniq_robin, uniq_iyjb

Action                   |  1- 3 |  4- 6 || total
-------------------------+-------+-------++-------
Melee: Unarmed           |    20 |       ||    20
       Dagger            |    28 |     1 ||    29
 Cast: Sting             |    54 |     6 ||    60
  Use: Potion            |     1 |     2 ||     3
 Stab: Sleeping          |     3 |     1 ||     4
  Eat: Chunk             |    12 |       ||    12
